 Dungeon Crawl Stone Soup version 0.30-a0-989-g0d87f670db (webtiles) character file.

Game seed: 16412226381476731509

8140 CornPuffBuddha the Spear-Bearer (level 11, -5/92 HPs)
             Began as a Human Berserker on Apr 3, 2023.
             Was an Elder of Trog.
             Slain by an unseen horror (7 damage)
             ... on level 10 of the Dungeon on Apr 4, 2023.
             The game lasted 00:38:47 (13669 turns).

CornPuffBuddha the Spear-Bearer (Human Berserker)  Turns: 13669, Time: 00:38:48

Health: -5/92      AC: 11    Str: 22    XL:     11   Next: 50%
Magic:  11/11      EV:  8    Int:  7    God:    Trog [****..]
Gold:   214        SH:  0    Dex: 13    Spells: 10/10 levels left

rFire   . . .      SeeInvis .    y - +8 quarterstaff (chaos)
rCold   + . .      Faith    .    (shield currently unavailable)
rNeg    . . .      Spirit   .    f - +0 chain mail
rPois   .          Reflect  .    d - +0 helmet
rElec   .          Rampage  .    B - +0 cloak {Will+}
rCorr   .                        (no gloves)
Will    +....                    C - +0 pair of boots Stlth
                                 (no amulet)
HPRegen 0.35/turn                q - ring of protection from cold
MPRegen 0.12/turn                (no ring)

@: about to teleport
A: no striking features
a: Renounce Religion, Berserk, Trog's Hand, Brothers in Arms


You were on level 10 of the Dungeon.
You worshipped Trog.
Trog was greatly pleased with you.
You visited 2 branches of the dungeon, and saw 11 of its levels.

You collected 496 gold pieces.
You spent 282 gold pieces at shops.

Inventory:

Hand Weapons
 a - a +0 spear
 y - a +8 quarterstaff of chaos (weapon)
 I - a +2 halberd
Missiles
 h - 39 poisoned darts (quivered)
 j - a throwing net
 G - 8 boomerangs
Armour
 b - a +0 animal skin
 d - a +0 helmet (worn)
 f - a +0 chain mail (worn)
 B - a +0 cloak of willpower (worn)
 C - a +0 pair of boots (worn)
Jewellery
 q - a ring of protection from cold (left hand)
 L - a +6 ring of intelligence
Wands
 m - a wand of polymorph (6)
 r - a wand of flame (9)
 H - a wand of acid (4)
 J - a wand of mindburst (4)
Scrolls
 e - 3 scrolls of fear
 k - a scroll of brand weapon
 l - 4 scrolls of amnesia
 p - a scroll of immolation
 t - 6 scrolls of identify
 u - a scroll of enchant weapon
 w - a scroll of silence {unknown}
 x - 2 scrolls of noise {unknown}
 E - a scroll of poison {unknown}
 F - a scroll of enchant armour {unknown}
Potions
 c - 6 potions of flight
 i - 4 potions of lignification
 n - a potion of mutation {unknown}
 o - 3 potions of attraction
 s - 2 potions of heal wounds {unknown}
 v - 3 potions of haste {unknown}
 z - a potion of ambrosia {unknown}
 A - a potion of might {unknown}
 D - 3 potions of invisibility
 K - a potion of degeneration {unknown}
 M - a potion of brilliance {unknown}


   Skills:
 + Level 10.4 Fighting
 * Level 14.1 Polearms
 - Level 2.0 Armour
 - Level 2.0 Dodging


You had 10 spell levels left.
You didn't know any spells.
Your spell library was empty.

Dungeon Overview and Level Annotations

Branches:
Dungeon (10/15)            Temple (1/1) D:6
   Lair: D:8-11         Orc: D:9-12

Altars:
Ashenzari
Cheibriados
Dithmenos
Elyvilon
Fedhas
Gozag
Hepliaklqana
Kikubaaqudgha
Makhleb
Nemelex Xobeh
Okawaru
Qazlal
Ru
Sif Muna
Trog
Uskayaw
Vehumet
Wu Jian
Xom
Yredelemnul
Zin
The Shining One

Shops:
D:2 *   D:4 ?   D:7 =[[[(

Annotations:
D:10 1 runed translucent door, Shard1697's ghost, novice FoFi


Message History

Deactivating autopickup; reactivate with Ctrl-A.
There is an open door here.
You closely miss something. Something hits you.
Something hits you but does no damage. Something hits you.
Something hits you but does no damage.
You barely miss something. Something hits you.
Something hits you but does no damage. x2
Something hits you but does no damage.
You sock something! Something hits you.
You hit something. Something hits you!
Something hits you but does no damage. x2
Something hits you! Something hits you! Something hits you but does no damage.
Something hits you but does no damage. Something hits you. Something hits you.
Something hits you but does no damage.
There is an open door here.
You barely miss something. Something hits you. x2
Something hits you but does no damage.
You sock something! Something hits you but does no damage. Something hits you!
* * * LOW HITPOINT WARNING * * *
You sock something! You freeze something. Something hits you.
* * * LOW HITPOINT WARNING * * *
Something hits you but does no damage.
There is an open door, spattered with blood here.
Something hits you but does no damage. Something hits you!
* * * LOW HITPOINT WARNING * * *
Something hits you.
* * * LOW HITPOINT WARNING * * *
Something hits you but does no damage.
As you read the scroll of teleportation, it crumbles to dust.
You feel strangely unstable. Something hits you but does no damage.
Something hits you.
* * * LOW HITPOINT WARNING * * *
Something hits you!
* * * LOW HITPOINT WARNING * * *
Something hits you!
You die...

..........#....#####...#.........
..........###....................
..#######.##.....#...#..........#
..#.....#.#..........#..........#
..#.....#........#.#รท#.#.#......#
..#.....#............#.....#....#
#.#.....#............#...#.......
#.#####'#........................
#...............@......#####.....
#........####'###...#.........###
#........#......+...#.........#..
#........#......#.............#..
#........#......#.............'..
'........#......#......#####..###
#........#......#......#<..'.....
.........#......#......#...#.....
.........########......#...#.....


There were no monsters in sight!

Vanquished Creatures
  2 two-headed ogres
  A yaktaur (shapeshifter) (D:7)
  An unseen horror (D:10)
  2 trolls (D:9)
  A hornet (D:8)
  Grinder (D:6)
  2 wyverns
  14 yaks
  A steam dragon (D:9)
  2 water moccasins
  An acid dragon (D:10)
  2 orc warriors
  A black bear (D:5)
  2 ice beasts
  4 ogres
  3 centaurs
  2 phantoms
  3 kobold brigands
  Blork the orc (D:4)
  A gnoll sergeant (D:10)
  A bullfrog (D:5)
  3 scorpions
  A water moccasin zombie (D:4)
  3 wights (D:8)
  2 electric eels
  A hound (D:5)
  A jelly (D:5)
  Crazy Yiuf (D:2)
  4 orc priests
  A sleepcap (D:6)
  An iguana (D:5)
  10 orc wizards
  Natasha (thrice) (D:2)
  A hound zombie (D:4)
  11 gnolls
  8 adders
  A white imp (D:5)
  2 ufetubi
  4 worms
  5 dart slugs
  26 orcs
  4 ball pythons
  4 endoplasms
  2 giant cockroaches (D:2)
  3 goblins
  6 hobgoblins
  7 quokkas
  4 bats
  14 frilled lizards
  25 kobolds
  7 rats
213 creatures vanquished.

Vanquished Creatures (others)
  An orc (D:7)
  A gnoll zombie (D:10)
2 creatures vanquished.

Grand Total: 215 creatures vanquished

Notes
Turn   | Place    | Note
-------+----------+-------------------------------------------
     0 | D:1      | CornPuffBuddha the Human Berserker began the quest for the
                  | Orb.
     0 | D:1      | Reached XP level 1. HP: 18/18 MP: 1/1
   372 | D:1      | Reached XP level 2. HP: 21/24 MP: 2/2
   625 | D:1      | Found a faded altar of an unknown god.
  1077 | D:2      | Reached XP level 3. HP: 24/29 MP: 3/3
  1141 | D:2      | Reached ** piety under Trog
  1199 | D:2      | Found Haixtun's Assorted Antiques.
  1213 | D:2      | Noticed Natasha
  1219 | D:2      | Killed Natasha
  1220 | D:2      | Reached skill level 4 in Polearms
  1220 | D:2      | Reached XP level 4. HP: 29/35 MP: 4/4
  1489 | D:2      | Noticed Natasha
  1508 | D:2      | Killed Natasha
  1604 | D:2      | Noticed Natasha
  1614 | D:2      | Killed Natasha
  1615 | D:2      | Reached XP level 5. HP: 36/42 MP: 5/5
  1869 | D:2      | Reached skill level 5 in Polearms
  1964 | D:2      | Found a runed translucent door.
  1965 | D:2      | Noticed Crazy Yiuf
  2233 | D:3      | Reached XP level 6. HP: 22/48 MP: 6/6
  2715 | D:3      | Noticed an ogre
  2728 | D:3      | Killed an ogre
  3180 | D:4      | Noticed Blork the orc
  3198 | D:4      | Killed Blork the orc
  3198 | D:4      | Reached *** piety under Trog
  3199 | D:4      | Reached skill level 6 in Polearms
  3199 | D:4      | Reached XP level 7. HP: 55/55 MP: 7/7
  3490 | D:4      | Reached skill level 5 in Fighting
  3802 | D:4      | Found Getorr's Magic Scroll Shoppe.
  3811 | D:4      | Bought a scroll of identify for 28 gold pieces
  3811 | D:4      | Bought a scroll of identify for 28 gold pieces
  3811 | D:4      | Bought a scroll of identify for 28 gold pieces
  3811 | D:4      | Bought a scroll of fear for 56 gold pieces
  4088 | D:4      | Reached skill level 7 in Polearms
  4134 | D:4      | Found a basalt altar of Yredelemnul.
  4409 | D:5      | Entered Level 5 of the Dungeon
  4444 | D:5      | Reached XP level 8. HP: 57/64 MP: 8/8
  4708 | D:5      | Found a shimmering altar of Xom.
  4708 | D:5      | Found a sparkling altar of Nemelex Xobeh.
  5259 | D:5      | Reached skill level 8 in Polearms
  6244 | D:6      | Reached skill level 9 in Polearms
  6244 | D:6      | Reached XP level 9. HP: 26/71 MP: 9/9
  6617 | D:6      | Found a staircase to the Ecumenical Temple.
  6638 | Temple   | Entered the Ecumenical Temple
  7529 | D:6      | Noticed Grinder
  7543 | D:6      | Paralysed by Grinder for 3 turns
  7562 | D:6      | Killed Grinder
  7563 | D:6      | Reached skill level 10 in Polearms
  7813 | D:2      | Bought 3 scrolls labelled IBEN ZAGI XUCSO for 54 gold
                  | pieces
  7813 | D:2      | Bought a blue potion for 16 gold pieces
  7813 | D:2      | Bought a scroll of identify for 36 gold pieces
  7813 | D:2      | Bought a scroll of identify for 36 gold pieces
  7849 | D:2      | Killed Crazy Yiuf
  8133 | D:7      | Found an opulent altar of Gozag.
  8283 | D:7      | Reached **** piety under Trog
  8474 | D:7      | Reached skill level 11 in Polearms
  8474 | D:7      | Reached XP level 10. HP: 42/80 MP: 10/10
  8652 | D:7      | Found Vuf Oshro's Jewellery Boutique.
  8656 | D:7      | Found Giwiup's Armour Emporium.
  8656 | D:7      | Found Diangok's Antique Armour Shoppe.
  8656 | D:7      | Found Exto's Antique Weapon Emporium.
  8656 | D:7      | Found Podei's Antique Armour Boutique.
  8699 | D:7      | Noticed Maggie
  8800 | D:7      | Maggie changed into Maggie the glowing shapeshifter
  8800 | D:7      | Noticed Maggie (glowing shapeshifter)
  8800 | D:7      | Maggie the glowing shapeshifter changed into Maggie the
                  | redback
  8802 | D:7      | Maggie the redback changed into Maggie the fire crab
  8802 | D:7      | Noticed Maggie (glowing shapeshifter)
  8805 | D:7      | Maggie the fire crab changed into Maggie the yaktaur
  8805 | D:7      | Noticed Maggie (glowing shapeshifter)
  8807 | D:7      | Killed Maggie the yaktaur
  8815 | D:7      | HP: 4/82 [poisoned by Maggie]
  9668 | D:7      | Reached skill level 12 in Polearms
 10177 | D:8      | Paralysed by a hornet for 3 turns
 10591 | D:8      | Found a radiant altar of Vehumet.
 11347 | D:9      | Reached skill level 13 in Polearms
 11525 | D:9      | Reached XP level 11. HP: 83/89 MP: 11/11
 11530 | D:9      | Found a broken altar of Ashenzari.
 11588 | D:9      | Noticed a two-headed ogre
 11596 | D:9      | Killed a two-headed ogre
 11725 | D:9      | Found a snail-covered altar of Cheibriados.
 11859 | D:9      | Reached skill level 10 in Fighting
 12306 | D:9      | Found an ancient bone altar of Kikubaaqudgha.
 12719 | D:10     | Entered Level 10 of the Dungeon
 12830 | D:10     | Noticed a two-headed ogre
 12842 | D:10     | Killed a two-headed ogre
 12843 | D:10     | Reached skill level 14 in Polearms
 13242 | D:10     | Found a glowing silver altar of Zin.
 13521 | D:10     | Found a runed translucent door.
 13521 | D:10     | Found a shimmering altar of Xom.
 13521 | D:10     | Noticed Shard1697's ghost (novice FoFi)
 13522 | D:10     | Noticed a +1 quarterstaff of chaos
 13669 | D:10     | HP: 2/92 [something (9)]
 13669 | D:10     | Slain by an unseen horror

Illustrated notes

Levels and vault maps discovered:
D:1:      dpeg_cavernosity, layout_basic, shapermc_ecumenical_altar_pompeii,
          minmay_lizard_pond
D:2:      layout_basic, serial_shops, nicolae_diamond_shop,
          kennysheep_generic_room_2, uniq_crazy_yiuf_cottage, uniq_natasha
D:3:      layout_basic
D:4:      layout_loops_ring, lemuel_zombie_altar_yredelemnul, serial_shops,
          shop, minmay_pentangle, uniq_blork_the_orc
D:5:      minmay_angry_zag, layout_cave_pods, nicolae_overflow_two_pavilions
D:6:      layout_loops_ring, minmay_temple_entry_drinking_statues, uniq_grinder
D:7:      minmay_flawed_box, layout_basic, mainiacjoe_overflow_cross_hatched,
          enter_bailey_4, eino_curves_02, nicolae_wooded_promenade, uniq_maggie
D:8:      nicolae_moon_pools, layout_basic, fiery_altar_vehumet
D:9:      layout_long_grid, slow_altar_1, evilmike_ruin_ashenzari,
          nicolae_kikubaaqudgha_miasma_corner, nrook_campfire
D:10:     layout_irregular_city, mainiacjoe_overflow_alcove_4,
          ebering_ghost_xom, hangedman_decor_lopped, serial_park_tiny_2
Temple:   hellmonk_temple_forest_ring

Skill      XL: |  1  2  3  4  5  6  7  8  9 10 11 |
---------------+----------------------------------+-----
Polearms       | 4 5 6 7 9 11 13 14 | 14.1
Fighting       | 4 5 6 8 9 10 | 10.4
Armour         | |  2.0
Dodging        | |  2.0

Action                     |  1- 3 |  4- 6 |  7- 9 | 10-12 || total
---------------------------+-------+-------+-------+-------++-------
  Melee: Spear             |    86 |   180 |   569 |       ||   835
         Punch             |       |       |     4 |       ||     4
         Quarterstaff      |       |       |    44 |   231 ||   275
         Halberd           |       |       |       |    42 ||    42
  Throw: Dart              |       |       |       |     1 ||     1
 Invoke: Berserk           |       |     3 |     2 |     1 ||     6
         Trog's Hand       |       |       |     1 |     1 ||     2
  Evoke: Wand              |       |       |     8 |    18 ||    26
    Use: Scroll            |       |       |    11 |    11 ||    22
         Potion            |       |       |     1 |     4 ||     5
   Stab: Sleeping          |     2 |       |       |       ||     2
         Paralysed         |       |       |       |     1 ||     1
 Armour: Animal skin       |     5 |       |       |       ||     5
         Chain mail        |    16 |    56 |   208 |   128 ||   408
  Dodge: Dodged            |    38 |    62 |   153 |   104 ||   357

Table legend: (Time is in decaauts)
 A = Elapsed time spent in this place.
 B = Non-inter-level travel time spent in this place.
 C = Inter-level travel time spent in this place.
 D = Time resting spent in this place.
 E = Time spent auto-exploring this place.
 F = Levels seen in this place.
 G = Mean time per level.
                   A        B        C        D        E       F      G
               +--------+--------+--------+--------+--------+-----+--------+
         Total |  13521 |  12701 |    820 |   4035 |   6095 |  11 | 1229.2 |
       Dungeon |  13356 |  12570 |    786 |   4035 |   5976 |  10 | 1335.6 |
        Temple |    164 |    130 |     34 |      0 |    119 |   1 |  164.0 |
               +--------+--------+--------+--------+--------+-----+--------+

Top non-repeatable levels by time:
     D:7: 1923 daAuts
     D:5: 1822 daAuts
     D:6: 1432 daAuts
     D:9: 1383 daAuts
     D:4: 1318 daAuts
     D:2: 1238 daAuts
     D:8: 1215 daAuts
     D:1: 1061 daAuts
     D:3: 1016 daAuts
    D:10: 944 daAuts
  Temple: 164 daAuts
